BSA
BOSTON REBELS @ IRVINE GANG GREEN
09/16/2030
 
TOP OF THE 1ST
Boston Rebels batting - Pitching for Irvine Gang Green : RHP Cristóbal Santos
Pitching: RHP Cristóbal Santos
Batting: LHB Paco Córdova 0-0: Called Strike
0-1: Swinging Strike
0-2: Foul Ball, location: 2F
0-2: Fly out, F4 (Popup, 34S)
Batting: RHB Ken McDonald 0-0: Called Strike
0-1: Ball
1-1: Ground out 6-3 (Groundball, 6)
Batting: LHB Frank Jackson 0-0: Ball
1-0: SINGLE (Groundball, 13) (infield hit)
Batting: RHB Tony Long 0-0: Called Strike
0-1: Ball
1-1: Swinging Strike
1-2: Ball
Frank Jackson steals 2nd base
2-2: Ball
3-2: Foul Ball, location: 2F
3-2: Foul Ball, location: 2F
3-2: Strikes out looking
Top of the 1st over - 0 runs, 1 hit, 0 errors, 1 left on base; Boston 0 - Irvine 0
BOTTOM OF THE 1ST
Irvine Gang Green batting - Pitching for Boston Rebels : RHP Nathan Walters
Pitching: RHP Nathan Walters
Batting: RHB Tomás Carranza 0-0: Ground out 4-3 (Groundball, 4)
Batting: LHB Jorge Martínez 0-0: Called Strike
0-1: Called Strike
0-2: Strikes out swinging
Batting: LHB Jeff Daniels 0-0: Foul Ball, location: 2F
0-1: Ball
1-1: Ball
2-1: Called Strike
2-2: Strikes out swinging
Bottom of the 1st over - 0 runs, 0 hits, 0 errors, 0 left on base; Boston 0 - Irvine 0
TOP OF THE 2ND
Boston Rebels batting - Pitching for Irvine Gang Green : RHP Cristóbal Santos
Batting: LHB Gabriel Aragón 0-0: Ball
1-0: Called Strike
1-1: Fly out, F7 (Flyball, 7S)
Batting: RHB Alfredo Cortéz 0-0: Called Strike
0-1: Called Strike
0-2: Ball
1-2: Ball
2-2: Ball
3-2: Ground out 1-3 (Groundball, P)
Batting: LHB Ricardo Brandariz 0-0: Swinging Strike
0-1: Foul Ball, location: 2F
0-2: Foul Ball, location: 2F
0-2: Ball
1-2: Ground out 5-3 (Groundball, 56)
Top of the 2nd over - 0 runs, 0 hits, 0 errors, 0 left on base; Boston 0 - Irvine 0
BOTTOM OF THE 2ND
Irvine Gang Green batting - Pitching for Boston Rebels : RHP Nathan Walters
Batting: LHB Víctor Quiñones 0-0: Ball
1-0: Ball
2-0: Called Strike
2-1: SINGLE (Line Drive, 4MD)
Batting: SHB Nick Cox 0-0: Ball
1-0: Foul Ball, location: 2F
1-1: Foul Ball, location: 2F
1-2: Ball
2-2: Ground out 5-3 (Groundball, 5S)
Víctor Quiñones to second
Batting: SHB Carlos Córdova 0-0: Called Strike
0-1: Foul Ball, location: 2F
0-2: Ball
1-2: Ball
2-2: Ball
3-2: Base on Balls
Batting: RHB José Salazar 0-0: Fielders Choice at 2nd, 3-6 (Groundball, 34)
Víctor Quiñones to third
Batting: RHB Carlos García 0-0: Ball
1-0: Swinging Strike
1-1: Foul Ball, location: 2F
1-2: Foul Ball, location: 2F
1-2: Ground out 4-3 (Groundball, 4)
Bottom of the 2nd over - 0 runs, 1 hit, 0 errors, 2 left on base; Boston 0 - Irvine 0
TOP OF THE 3RD
Boston Rebels batting - Pitching for Irvine Gang Green : RHP Cristóbal Santos
Batting: SHB Ismael Sánchez 0-0: Ball
1-0: Ball
2-0: Called Strike
2-1: Bunted foul
2-2: Foul Ball, location: 2F
2-2: Strikes out looking
Batting: RHB Roberto Chávez 0-0: Ball
1-0: Ball
2-0: SOLO HOME RUN (Flyball, 7LD), Distance : 416 ft
Batting: LHB Paco Córdova 0-0: Called Strike
0-1: Ball
1-1: Ground out 6-3 (Groundball, 6)
Batting: RHB Ken McDonald 0-0: Called Strike
0-1: Ball
1-1: Ball
2-1: SINGLE (Flyball, 78S)
Batting: LHB Frank Jackson 0-0: Ball
1-0: Called Strike
1-1: Ball
2-1: Ball
3-1: Fielders Choice at 2nd, 6-4 (Groundball, 6)
Top of the 3rd over - 1 run, 2 hits, 0 errors, 1 left on base; Boston 1 - Irvine 0
BOTTOM OF THE 3RD
Irvine Gang Green batting - Pitching for Boston Rebels : RHP Nathan Walters
Batting: LHB Tony Tavárez 0-0: Ball
1-0: Ball
2-0: Ball
3-0: Base on Balls
Batting: RHB Tomás Carranza 0-0: Called Strike
0-1: Ball
1-1: Ball
2-1: Grounds into double play, 6-4-3 (Groundball, 6)
Batting: LHB Jorge Martínez 0-0: Called Strike
0-1: Ball
1-1: Ball
2-1: Foul Ball, location: 2F
2-2: Ball
3-2: SOLO HOME RUN (Flyball, 9D), Distance : 408 ft
Batting: LHB Jeff Daniels 0-0: Foul Ball, location: 2F
0-1: Single, Error in OF, E7, batter to second base
Batting: LHB Víctor Quiñones 0-0: Foul Ball, location: 2F
0-1: Foul Ball, location: 2F
0-2: Ball
1-2: Ball
2-2: Foul Ball, location: 2F
2-2: Foul Ball, location: 2F
2-2: Ball
3-2: SINGLE (Line Drive, 9S)
Jeff Daniels to third
Jeff Daniels scores
Batting: SHB Nick Cox 0-0: Ball
1-0: Reached via error on a dropped throw, E3
Víctor Quiñones to second
Batting: SHB Carlos Córdova 0-0: Called Strike
0-1: Called Strike
0-2: Foul Ball, location: 2F
0-2: Ball
1-2: Ground out U3 (Groundball, 3L)
Bottom of the 3rd over - 2 runs, 3 hits, 2 errors, 2 left on base; Boston 1 - Irvine 2
TOP OF THE 4TH
Boston Rebels batting - Pitching for Irvine Gang Green : RHP Cristóbal Santos
Batting: RHB Tony Long 0-0: Called Strike
0-1: Ball
1-1: Called Strike
1-2: Strikes out swinging
Batting: LHB Gabriel Aragón 0-0: Ball
1-0: Ball
2-0: Called Strike
2-1: Swinging Strike
2-2: Foul Ball, location: 2F
2-2: Strikes out looking
Batting: RHB Alfredo Cortéz 0-0: Called Strike
0-1: Ground out 5-3 (Groundball, 5L)
Top of the 4th over - 0 runs, 0 hits, 0 errors, 0 left on base; Boston 1 - Irvine 2
BOTTOM OF THE 4TH
Irvine Gang Green batting - Pitching for Boston Rebels : RHP Nathan Walters
Batting: RHB José Salazar 0-0: Ball
1-0: Ball
2-0: Ground out 4-3 (Groundball, 4M)
Batting: RHB Carlos García 0-0: Ball
1-0: Ball
2-0: Ball
3-0: Base on Balls
Batting: LHB Tony Tavárez 0-0: Ball
1-0: Fly out, F9 (Flyball, 9)
Batting: RHB Tomás Carranza 0-0: Fly out, F8 (Flyball, 8LXD)
Bottom of the 4th over - 0 runs, 0 hits, 0 errors, 1 left on base; Boston 1 - Irvine 2
TOP OF THE 5TH
Boston Rebels batting - Pitching for Irvine Gang Green : RHP Cristóbal Santos
Batting: LHB Ricardo Brandariz 0-0: Called Strike
0-1: Ball
1-1: Ball
2-1: Ball
3-1: Foul Ball, location: 2F
3-2: Ground out 4-3 (Groundball, 4)
Batting: SHB Ismael Sánchez 0-0: SINGLE (Groundball, 4MD)
Batting: RHB Roberto Chávez 0-0: Called Strike
0-1: Ball
Ismael Sánchez steals 2nd base
1-1: Foul Ball, location: 2F
1-2: Ground out 1-3 (Groundball, 15)
Batting: LHB Paco Córdova 0-0: Ball
1-0: Ball
2-0: Swinging Strike
2-1: SINGLE (Groundball, 25) (infield hit)
Ismael Sánchez to third
Batting: RHB Ken McDonald 0-0: Called Strike
0-1: Ball
1-1: Ball
2-1: Ball
3-1: Foul Ball, location: 2F
3-2: Base on Balls
Paco Córdova to second
Batting: LHB Frank Jackson 0-0: Called Strike
0-1: Fielders Choice at 2nd, 6-4 (Groundball, 6)
Top of the 5th over - 0 runs, 2 hits, 0 errors, 3 left on base; Boston 1 - Irvine 2
BOTTOM OF THE 5TH
Irvine Gang Green batting - Pitching for Boston Rebels : RHP Nathan Walters
Batting: LHB Jorge Martínez 0-0: Called Strike
0-1: Ball
1-1: Fly out, F9 (Flyball, 89XD)
Batting: LHB Jeff Daniels 0-0: Ball
1-0: Foul Ball, location: 2F
1-1: Ball
2-1: Ground out 4-3 (Groundball, 34)
Batting: LHB Víctor Quiñones 0-0: Ball
1-0: Ball
2-0: Called Strike
2-1: Foul Ball, location: 2F
2-2: Foul Ball, location: 2F
2-2: Foul Ball, location: 2F
2-2: Ball
3-2: Foul Ball, location: 2F
3-2: Strikes out looking
Bottom of the 5th over - 0 runs, 0 hits, 0 errors, 0 left on base; Boston 1 - Irvine 2
TOP OF THE 6TH
Boston Rebels batting - Pitching for Irvine Gang Green : RHP Cristóbal Santos
Pitching: RHP Jesús De Los Santos
Batting: RHB Tony Long 0-0: Called Strike
0-1: Swinging Strike
0-2: Ball
1-2: Ground out 5-3 (Groundball, 56S)
Batting: LHB Gabriel Aragón 0-0: Swinging Strike
0-1: Ball
1-1: Ground out 4-3 (Groundball, 4)
Batting: RHB Alfredo Cortéz 0-0: Foul Ball, location: 2F
0-1: SINGLE (Flyball, 9LS)
Batting: LHB Ricardo Brandariz 0-0: Ball
Wild Pitch!
Alfredo Cortéz to second
1-0: Ball
2-0: Ball
3-0: Base on Balls
Batting: SHB Ismael Sánchez 0-0: Fly out, F7 (Line Drive, 7)
Top of the 6th over - 0 runs, 1 hit, 0 errors, 2 left on base; Boston 1 - Irvine 2
BOTTOM OF THE 6TH
Irvine Gang Green batting - Pitching for Boston Rebels : RHP Nathan Walters
Batting: SHB Nick Cox 0-0: Called Strike
0-1: Ball
1-1: Called Strike
1-2: Ground out 6-3 (Groundball, 6)
Batting: SHB Carlos Córdova 0-0: Ball
1-0: Ball
2-0: Ball
3-0: Called Strike
3-1: Ground out 6-3 (Groundball, 6)
Batting: RHB José Salazar 0-0: Ball
1-0: Called Strike
1-1: Ball
2-1: Fly out, F6 (Line Drive, 6M)
Bottom of the 6th over - 0 runs, 0 hits, 0 errors, 0 left on base; Boston 1 - Irvine 2
TOP OF THE 7TH
Boston Rebels batting - Pitching for Irvine Gang Green : RHP Jesús De Los Santos
Batting: RHB Roberto Chávez 0-0: Called Strike
0-1: Foul Ball, location: 2F
0-2: Ball
1-2: Fly out, F9 (Line Drive, 9S)
Batting: LHB Paco Córdova 0-0: Called Strike
0-1: Foul Ball, location: 2F
0-2: Strikes out looking
Batting: RHB Ken McDonald 0-0: Swinging Strike
0-1: Ball
1-1: Ground out 3-1 (Groundball, 34)
Top of the 7th over - 0 runs, 0 hits, 0 errors, 0 left on base; Boston 1 - Irvine 2
BOTTOM OF THE 7TH
Irvine Gang Green batting - Pitching for Boston Rebels : RHP Nathan Walters
Pitching: RHP Beau Murphy
Batting: RHB Carlos García 0-0: Ground out 6-3 (Groundball, 6)
Batting: LHB Tony Tavárez 0-0: Ground out 6-3 (Groundball, 6)
Batting: RHB Tomás Carranza 0-0: Called Strike
0-1: Ball
1-1: Fly out, F8 (Flyball, 8RS)
Bottom of the 7th over - 0 runs, 0 hits, 0 errors, 0 left on base; Boston 1 - Irvine 2
TOP OF THE 8TH
Boston Rebels batting - Pitching for Irvine Gang Green : RHP Jesús De Los Santos
Batting: LHB Frank Jackson 0-0: Called Strike
0-1: Fly out, F7 (Flyball, 78M)
Batting: RHB Tony Long 0-0: Fly out, F8 (Flyball, 8LM)
Batting: LHB Gabriel Aragón 0-0: Ground out 4-3 (Groundball, 34)
Top of the 8th over - 0 runs, 0 hits, 0 errors, 0 left on base; Boston 1 - Irvine 2
BOTTOM OF THE 8TH
Irvine Gang Green batting - Pitching for Boston Rebels : RHP Beau Murphy
Batting: LHB Jorge Martínez 0-0: Foul Ball, location: 2F
0-1: Foul Ball, location: 2F
0-2: Strikes out swinging
Batting: LHB Jeff Daniels 0-0: Foul Ball, location: 2F
0-1: Ground out 4-3 (Groundball, 4M)
Batting: LHB Víctor Quiñones 0-0: Called Strike
0-1: Ball
1-1: Ball
2-1: Called Strike
2-2: Foul Ball, location: 2F
2-2: Strikes out swinging
Bottom of the 8th over - 0 runs, 0 hits, 0 errors, 0 left on base; Boston 1 - Irvine 2
TOP OF THE 9TH
Boston Rebels batting - Pitching for Irvine Gang Green : RHP Jesús De Los Santos
Now at 2B: Oliver Cisneros
Batting: RHB Alfredo Cortéz 0-0: Ball
1-0: Fly out, F6 (Popup, P)
Batting: LHB Ricardo Brandariz 0-0: Swinging Strike
0-1: Foul Ball, location: 2F
0-2: SINGLE (Line Drive, 7LM)
Pinch Hitting: RHB Randy Simons 0-0: Foul Ball, location: 2F
0-1: Ball
1-1: Ball
2-1: Ball
3-1: Called Strike
3-2: DOUBLE (Groundball, 5L)
Ricardo Brandariz to third
Runner from 3rd tries for Home, SAFE, no throw
Batting: RHB Roberto Chávez 0-0: SINGLE (Line Drive, 89S)
Randy Simons to third
Batting: LHB Paco Córdova 0-0: Called Strike
0-1: Swinging Strike
0-2: Ball
1-2: Ball
2-2: Ground out 5-3 (Groundball, 5)
Roberto Chávez to second
Batting: RHB Ken McDonald 0-0: Called Strike
0-1: Ball
1-1: Swinging Strike
1-2: Strikes out looking
Top of the 9th over - 1 run, 3 hits, 0 errors, 2 left on base; Boston 2 - Irvine 2
BOTTOM OF THE 9TH
Irvine Gang Green batting - Pitching for Boston Rebels : RHP Beau Murphy
Now at SS: David Rodríguez
Batting: SHB Nick Cox 0-0: Foul Ball, location: 2F
0-1: Foul Ball, location: 2F
0-2: Ball
1-2: Ground out U3 (Groundball, 3L)
Batting: SHB Carlos Córdova 0-0: Ball
1-0: Ball
2-0: Called Strike
2-1: Ground out 1-3 (Groundball, 15)
Batting: RHB José Salazar 0-0: Called Strike
0-1: Called Strike
0-2: Ball
1-2: Foul Ball, location: 2F
1-2: Foul Ball, location: 2F
1-2: Foul Ball, location: 2F
1-2: Ball
2-2: Ball
3-2: Fly out, F6 (Line Drive, 6)
Bottom of the 9th over - 0 runs, 0 hits, 0 errors, 0 left on base; Boston 2 - Irvine 2
TOP OF THE 10TH
Boston Rebels batting - Pitching for Irvine Gang Green : RHP Jesús De Los Santos
Batting: LHB Frank Jackson 0-0: Ball
1-0: Ball
2-0: Foul Ball, location: 2F
2-1: Ground out 6-3 (Groundball, 6)
Batting: RHB Tony Long 0-0: Called Strike
0-1: Ground out 5-3 (Groundball, 56)
Batting: LHB Gabriel Aragón 0-0: Ball
1-0: Ball
2-0: Ball
3-0: Base on Balls
Pitching: RHP Ramón Silva
Batting: RHB Alfredo Cortéz 0-0: Ball
Gabriel Aragón steals 2nd base
1-0: Ball
2-0: Ground out 5-3 (Groundball, 5S)
Top of the 10th over - 0 runs, 0 hits, 0 errors, 1 left on base; Boston 2 - Irvine 2
BOTTOM OF THE 10TH
Irvine Gang Green batting - Pitching for Boston Rebels : RHP Beau Murphy
Pitching: LHP Keith Hill
Batting: RHB Carlos García 0-0: Swinging Strike
0-1: Foul Ball, location: 2F
0-2: Ball
1-2: Foul Ball, location: 2F
1-2: Strikes out swinging
Pinch Hitting: RHB Lawrence Schroeder 0-0: Swinging Strike
0-1: Swinging Strike
0-2: Strikes out swinging
Batting: RHB Tomás Carranza 0-0: DOUBLE (Line Drive, 7LD)
Pinch Hitting: RHB Ronnie Brown 0-0: Called Strike
0-1: Ball
1-1: Ball
2-1: DOUBLE (Line Drive, 9LM)
Tomás Carranza scores
Saturday, April 7th, 2018 - OOTP Baseball 18.8 Build 76